 Dungeon Crawl Stone Soup version 0.19-a0-599-g723c685 (webtiles) character file.

1717 st0uf the Chopper (level 9, -9/68 HPs)
             Began as a Formicid Fighter on June 12, 2016.
             Was a Follower of Uskayaw.
             Mangled by a hill giant
             ... wielding a +0 giant spiked club
              (17 damage)
             ... on level 6 of the Dungeon.
             The game lasted 00:24:13 (5717 turns).

st0uf the Chopper (Formicid Fighter)                Turns: 5717, Time: 00:24:14

Health: -9/68      AC:  7    Str: 25    XL:     9   Next: 24%
Magic:  10/10      EV: 12    Int:  7    God:    Uskayaw [*.....]
Gold:   290        SH: 11    Dex: 10    Spells: 0 memorised, 8 levels left

rFire  . . .     SeeInvis +     w - +2 hand axe (freeze)
rCold  . . .     Gourm    .     y - +0 mottled dragon armour
rNeg   . . .     Faith    .     c - +0 shield
rPois  .         Spirit   .     (helmet unavailable)
rElec  .         Dismiss  .     (no cloak)
rCorr  +         Reflect  .     (no gloves)
SustAt .         Harm     .     (no boots)
MR     .....                    (no amulet)
Stlth  +.........               (no ring)
                                s - ring of resist corrosion

@: not resistant to hostile enchantments, very unstealthy
A: permanent stasis, dig shafts and tunnels, four strong arms, antennae 3
a: Dig, Shaft Self, Stomp, Renounce Religion


You were on level 6 of the Dungeon.
You worshipped Uskayaw.
Uskayaw was aware of your devotion.
You were not hungry.

You visited 2 branches of the dungeon, and saw 7 of its levels.
You also visited: Sewer.

You collected 290 gold pieces.

Inventory:

Hand Weapons
 a - a +0 war axe
 w - a +2 hand axe of freezing (weapon)
 x - a cursed -1 hunting sling
Missiles
 h - 278 stones (quivered)
 E - 8 silver javelins
 H - 7 javelins of penetration
 L - 18 sling bullets
Armour
 c - a +0 shield (worn)
 y - a +0 mottled dragon armour (worn)
Jewellery
 s - a ring of resist corrosion (left hand)
Wands
 b - a wand of iceblast (7/15)
Scrolls
 e - 4 scrolls of remove curse {unknown}
 l - 3 scrolls of enchant weapon {unknown}
 m - 2 scrolls of magic mapping {unknown}
 o - a scroll of enchant armour {unknown}
 q - 6 scrolls of identify
 u - 5 scrolls of teleportation {unknown}
 v - 2 scrolls of fear {unknown}
 D - 2 scrolls of amnesia {unknown}
 F - a scroll of random uselessness {unknown}
 G - a scroll of immolation {unknown}
Potions
 d - 2 potions of might
 g - 4 potions of curing
 n - 2 potions of cancellation
 p - 3 potions of heal wounds
 r - a potion of lignification
 t - 4 potions of flight
 z - a potion of invisibility {unknown}
 A - a potion of ambrosia
 C - 2 potions of agility {unknown}
 J - a potion of cure mutation {unknown}
 K - a potion of resistance {unknown}
Comestibles
 f - 6 bread rations
 i - a meat ration
 j - 2 beef jerkies
 k - 2 slices of pizza
 B - 6 fruits
 I - 2 chunks of flesh


   Skills:
 + Level 5.4 Fighting
 * Level 6.7 Axes
 + Level 5.4 Armour
 + Level 4.5 Dodging
 + Level 6.6 Shields
 * Level 2.3 Invocations


You had 8 spell levels left.
You didn't know any spells.

Dungeon Overview and Level Annotations

Branches:
Dungeon (6/15)             Temple (1/1) D:4

Altars:
Ashenzari
Cheibriados
Fedhas
Gozag
Hepliaklqana
Kikubaaqudgha
Makhleb
Nemelex Xobeh
Okawaru
Ru
Sif Muna
Trog
Uskayaw
Vehumet
Xom
Yredelemnul
Zin
The Shining One


Innate Abilities, Weirdness & Mutations

You are under a permanent stasis effect.
You can dig through walls and to a lower floor.
Your four strong arms can wield two-handed weapons with a shield.
You have a pair of large antennae on your head. (SInv)


Message History

Found 18 sling bullets.
You can no longer pass through a line of other dancers.
You found a teleport trap!
A hill giant comes into view. It is wielding a giant spiked club.
The hill giant shouts!
You see here 18 sling bullets.
L - 18 sling bullets You hit the hill giant.
You freeze the hill giant.
The hill giant is lightly wounded.
The hill giant hits you with a giant spiked club!!
You hit the hill giant but do no damage.
The hill giant is lightly wounded.
The hill giant hits you with a giant spiked club!!
* * * LOW HITPOINT WARNING * * *
You hit the hill giant. You freeze the hill giant.
The hill giant is lightly wounded.
You completely miss the hill giant.
The hill giant is lightly wounded.
The hill giant hits you with a giant spiked club!
You die...

## ########## .#
###........# #.
#........... #..
#.......... #.#
#......... #C##
#.^...... #.@###
###.......
##...#####.........
#..##.......##.....
#..###.....###
##...
#..###....>..## ..
#..# #.........## .
#..# #...........##
#.# #............##
.#
#..............##


You could see a hill giant.

Vanquished Creatures
  Sigmund (D:2)
  Eustachio (D:4)
  Menkaure (D:4)
  An ice beast (D:5)
  2 ogres
  A big kobold (Sewer)
  A giant frog (D:6)
  4 scorpions
  2 howler monkeys
  A crimson imp (D:5)
  A hound (D:5)
  An orc priest (D:5)
  7 orc wizards
  2 iguanas
  3 worker ants
  A howler monkey zombie (D:5)
  3 adders
  3 river rats
  An ooze (D:2)
  An adder skeleton (D:6)
  An adder zombie (D:5)
  2 worms (D:4)
  2 dart slugs
  2 giant geckos
  24 orcs
  3 giant cockroaches
  10 goblins
  7 hobgoblins
  28 jackals
  2 quokkas
  3 ball pythons
  6 bats
  6 giant newts
  10 kobolds
  46 rats
190 creatures vanquished.

Notes
Turn   | Place    | Note
--------------------------------------------------------------
     0 | D:1      | st0uf the Formicid Fighter began the quest for the Orb.
     0 | D:1      | Reached XP level 1. HP: 18/18 MP: 1/1
    48 | D:1      | Reached XP level 2. HP: 21/24 MP: 2/2
   329 | D:1      | Reached XP level 3. HP: 22/29 MP: 3/3
   843 | D:2      | Reached XP level 4. HP: 30/35 MP: 4/4
  1088 | D:2      | Noticed Sigmund
  1307 | D:3      | Reached skill level 1 in Dodging
  1307 | D:3      | Reached XP level 5. HP: 11/42 MP: 5/5
  2135 | D:3      | Reached XP level 6. HP: 47/48 MP: 6/6
  2547 | D:4      | Found a glowing drain.
  2570 | Sewer    | Entered a sewer
  2641 | Sewer    | Reached XP level 7. HP: 38/54 MP: 7/7
  2736 | Sewer    | Found a white marble altar of Elyvilon.
  2873 | D:4      | Noticed Menkaure
  3111 | D:2      | Killed Sigmund
  3111 | D:2      | Reached skill level 5 in Axes
  3111 | D:2      | Reached skill level 5 in Shields
  3252 | D:2      | Found a shimmering altar of Xom.
  3255 | D:2      | Found an opulent altar of Gozag.
  3257 | D:2      | Found an ancient bone altar of Kikubaaqudgha.
  3649 | D:4      | Killed Menkaure
  3649 | D:4      | Reached skill level 5 in Armour
  3649 | D:4      | Reached XP level 8. HP: 28/61 MP: 8/8
  3769 | D:4      | Noticed Eustachio
  4025 | D:4      | Killed Eustachio
  4236 | D:4      | Found a staircase to the Ecumenical Temple.
  4247 | Temple   | Entered the Ecumenical Temple
  4281 | Temple   | Became a worshipper of Uskayaw the Reveler
  4325 | D:4      | Reached * piety under Uskayaw
  4329 | D:4      | Reached ** piety under Uskayaw
  4684 | D:5      | Entered Level 5 of the Dungeon
  4710 | D:5      | Reached skill level 1 in Invocations
  4806 | D:5      | Reached skill level 5 in Fighting
  4810 | D:5      | Reached XP level 9. HP: 46/68 MP: 4/10
  5711 | D:6      | Noticed a hill giant
  5717 | D:6      | Mangled by a hill giant

Vault maps used:
D:1:      mrwooster_arrival_arrow, nrook_mini_backslash,
          corexii_item_surrounded_by_moat, kennysheep_decorative_pillar
D:2:      grunt_temple_overflow_diamond, uniq_sigmund
D:3:      first_bread, minmay_misc_feat_hallway, minmay_rats_cheesy_pizza
D:4:      minmay_temple_entry_nine_rooms, gup_sewer_entry_spiral, uniq_menkaure,
          uniq_eustachio
D:5:      minmay_misc_feat_five
D:6:      kennysheep_mini_moat, eino_small_chamber_without_monster
Temple:   kilobyte_greek_temple_18
Sewer:    sewer_kobolds

Skill      XL: |  1  2  3  4  5  6  7  8  9 |
---------------+----------------------------+-----
Armour         | 4 5 |  5.4
Shields        | 4 5 6 |  6.6
Axes           | 3 4 5 6 |  6.7
Dodging        | 1 2 3 4 |  4.5
Fighting       | 4 5 |  5.4
Invocations    | 1 2 |  2.3

Action                   |  1- 3 |  4- 6 |  7- 9 || total
-------------------------+-------+-------+-------++-------
Melee: War axe           |   116 |    90 |       ||   206
       Hand axe          |       |   185 |   198 ||   383
Invok: Line Pass         |       |       |     2 ||     2
 Abil: Dig               |       |     3 |       ||     3
  Use: Scroll            |       |       |     6 ||     6
       Potion            |       |       |     1 ||     1
 Stab: Confused          |       |       |     1 ||     1
  Eat: Chunk             |       |     7 |    10 ||    17
       Fruit             |       |       |     1 ||     1
Armor: Scale mail        |    63 |    95 |     3 ||   161
       Mottled dragon ar |       |       |    35 ||    35
Dodge: Dodged            |    42 |    88 |    69 ||   199
Block: Shield            |    65 |   136 |    86 ||   287
